[ AOE2 MATCH · #470126565 ]
UnrankedMuisca vs Khitans
Player's team · WIN
Rival team · LOSS
[ REPLAY ANALYSIS · EXTRACTED FROM THE RECORDED GAME ]
Feudal
10:23
Castle
—
Imperial
—
| APM avg | 24.6 |
| APM peak | 56 |
| eAPM avg | 9.1 |
| Villagers / military | 32 / 2 |
Focus
⚔️ 14.7% · 🌾 85.3%
Unknown (2550) ×6 · Spearman ×2
Feudal
9:57
Castle
—
Imperial
—
| APM avg | 60.4 |
| APM peak | 85 |
| eAPM avg | 22.2 |
| Villagers / military | 45 / 8 |
Focus
⚔️ 20.3% · 🌾 79.7%
Skirmisher ×8
Match map
Initial resources + every placement click. Lines = walls · curves = elevation contours. ◆ gold · ⬟ stone · ● berries · ✦ relic · ◌ wall gap
Inputs per minute
— Snowey - - 932590204
Build order — Snowey
67 actions detected in the replay
| 0:03 | Build | House |
| 0:04 | Build | House |
| 0:04 | Create | Villager (Male) |
| 0:05 | Create | Villager (Male) |
| 0:05 | Create | Villager (Male) |
| 0:05 | Create | Villager (Male) |
| 1:06 | Build | Settlement |
| 1:12 | Create | Villager (Male) |
| 2:21 | Create | Villager (Male) |
| 2:21 | Create | Villager (Male) |
| 2:37 | Create | Villager (Male) |
| 3:10 | Create | Villager (Male) |
| 3:45 | Create | Villager (Male) |
| 3:45 | Create | Villager (Male) |
| 4:20 | Create | Villager (Male) |
| 4:25 | Create | Villager (Male) |
| 4:40 | Create | Villager (Male) |
| 4:55 | Create | Villager (Male) |
| 5:14 | Create | Villager (Male) |
| 5:34 | Create | Villager (Male) |
| 6:03 | Create | Villager (Male) |
| 7:01 | Create | Villager (Male) |
| 7:08 | Build | House |
| 7:17 | Research | Loom |
| 7:18 | Create | Villager (Male) |
| 7:39 | Build | Barracks |
| 7:45 | Build | House |
| 7:48 | Create | Villager (Male) |
| 8:01 | Research | Feudal Age |
| 8:02 | Create | Villager (Male) |
| 8:26 | Build | Settlement |
| 8:43 | Create | Unit 2550 |
| 8:43 | Create | Unit 2550 |
| 8:55 | Build | House |
| 8:56 | Build | House |
| 9:03 | Create | Villager (Male) |
| 9:51 | Build | Barracks |
| 10:23 | Age | Feudal Age |
| 10:38 | Build | Blacksmith |
| 10:50 | Research | Double-Bit Axe |
| 10:58 | Research | Tech 1402 |
| 11:02 | Create | Villager (Male) |
| 11:13 | Create | Unit 2550 |
| 11:13 | Create | Unit 2550 |
| 11:37 | Create | Villager (Male) |
| 11:42 | Research | Scale Mail Armor |
| 11:53 | Create | Unit 2550 |
| 11:54 | Create | Unit 2550 |
| 12:15 | Create | Villager (Male) |
| 12:19 | Create | Villager (Male) |
| 12:41 | Create | Villager (Male) |
| 12:50 | Create | Spearman |
| 12:50 | Create | Spearman |
| 13:19 | Build | Farm |
| 13:19 | Build | Farm |
| 13:21 | Build | Farm |
| 13:22 | Build | Farm |
| 13:27 | Build | Farm |
| 13:27 | Build | Farm |
| 14:02 | Build | Farm |
| 14:47 | Create | Villager (Male) |
| 14:48 | Create | Villager (Male) |
| 14:54 | Build | Farm |
| 15:21 | Create | Villager (Male) |
| 15:21 | Create | Villager (Male) |
| 15:26 | Build | Farm |
| 15:27 | Build | Farm |
Build order — 932590204
90 actions detected in the replay
| 0:01 | Create | Villager (Male) |
| 0:02 | Create | Villager (Male) |
| 0:02 | Create | Villager (Male) |
| 0:03 | Build | House |
| 0:03 | Create | Villager (Male) |
| 0:06 | Build | House |
| 1:34 | Create | Villager (Male) |
| 1:51 | Build | Lumber Camp |
| 1:52 | Create | Villager (Male) |
| 2:28 | Create | Villager (Male) |
| 2:59 | Create | Villager (Male) |
| 2:59 | Create | Villager (Male) |
| 3:04 | Create | Villager (Male) |
| 3:04 | Create | Villager (Male) |
| 3:30 | Build | House |
| 3:58 | Create | Villager (Male) |
| 3:58 | Create | Villager (Male) |
| 4:36 | Create | Villager (Male) |
| 4:36 | Create | Villager (Male) |
| 4:59 | Create | Villager (Male) |
| 4:59 | Create | Villager (Male) |
| 4:59 | Create | Villager (Male) |
| 5:26 | Create | Villager (Male) |
| 5:45 | Create | Villager (Male) |
| 5:45 | Create | Villager (Male) |
| 5:50 | Create | Villager (Male) |
| 6:10 | Create | Villager (Male) |
| 6:14 | Create | Villager (Male) |
| 6:14 | Create | Villager (Male) |
| 6:19 | Build | Mill |
| 6:23 | Build | House |
| 6:46 | Create | Villager (Male) |
| 7:13 | Research | Loom |
| 7:35 | Research | Feudal Age |
| 8:01 | Build | Barracks |
| 8:19 | Build | House |
| 9:25 | Create | Villager (Male) |
| 9:57 | Age | Feudal Age |
| 9:59 | Create | Villager (Male) |
| 10:02 | Research | Tech 1014 |
| 10:02 | Research | Tech 1014 |
| 10:03 | Research | Double-Bit Axe |
| 10:07 | Create | Villager (Male) |
| 10:08 | Create | Villager (Male) |
| 10:12 | Build | Archery Range |
| 10:18 | Create | Villager (Male) |
| 10:27 | Create | Villager (Male) |
| 10:27 | Create | Villager (Male) |
| 10:33 | Create | Villager (Male) |
| 10:41 | Build | Mining Camp |
| 10:50 | Create | Villager (Male) |
| 10:59 | Create | Villager (Male) |
| 11:13 | Create | Skirmisher |
| 11:13 | Create | Skirmisher |
| 11:18 | Build | House |
| 11:26 | Create | Skirmisher |
| 11:27 | Create | Skirmisher |
| 11:42 | Create | Villager (Male) |
| 11:47 | Build | House |
| 11:51 | Build | Blacksmith |
| 12:00 | Create | Skirmisher |
| 12:08 | Create | Villager (Male) |
| 12:15 | Create | Villager (Male) |
| 12:31 | Create | Villager (Male) |
| 12:35 | Build | House |
| 12:37 | Create | Skirmisher |
| 13:02 | Create | Villager (Male) |
| 13:08 | Create | Skirmisher |
| 13:08 | Create | Skirmisher |
| 13:18 | Build | Pasture |
| 13:22 | Research | Tech 1014 |
| 13:22 | Research | Tech 1014 |
| 13:44 | Build | Pasture |
| 13:53 | Build | House |
| 13:57 | Build | Pasture |
| 14:12 | Create | Villager (Male) |
| 14:22 | Build | Mining Camp |
| 14:54 | Build | House |
| 14:56 | Build | Palisade Wall |
| 15:01 | Build | Palisade Wall |
| 15:02 | Build | Palisade Wall |
| 15:05 | Build | Palisade Wall |
| 15:06 | Build | Palisade Wall |
| 15:07 | Build | Palisade Wall |
| 15:14 | Research | Fletching |
| 15:29 | Build | Pasture |
| 15:58 | Create | Villager (Male) |
| 15:59 | Create | Villager (Male) |
| 16:01 | Build | Palisade Wall |
| 16:03 | Create | Villager (Male) |
Match timeline
| 7:39 | Snowey · first_building Barracks |
| 8:01 | 932590204 · first_building Barracks |
| 9:57 | 932590204 · age_up feudal |
| 10:12 | 932590204 · first_building Archery Range |
| 10:23 | Snowey · age_up feudal |
| 14:56 | 932590204 · wall_segment Palisade Wall x1 |
| 15:01 | 932590204 · wall_segment Palisade Wall x1 |
| 15:02 | 932590204 · wall_segment Palisade Wall x1 |
| 15:05 | 932590204 · wall_segment Palisade Wall x1 |
| 15:06 | 932590204 · wall_segment Palisade Wall x1 |
| 15:07 | 932590204 · wall_segment Palisade Wall x1 |
| 16:01 | 932590204 · wall_segment Palisade Wall x1 |
| 16:14 | 932590204 · resign |
[ AI ANALYSIS · 1 CREDIT ]
What really happened in this match?
Wolo.gg analyzes every decision: build order, eco, micro, common mistakes by bracket. Personalized analysis on WhatsApp or Discord in 30 seconds.
Civ guide
Muisca
Perfil
Jugador #291239